 Dungeon Crawl Stone Soup version 0.31-a0-182-gc5ef74bbde (webtiles) character file.

Game seed: 8100404479329604879

285 Maxmaps the Slasher (level 6, -6/44 HPs)
             Began as a Demonspawn Reaver on June 21, 2023.
             Mangled by Edmund
             ... wielding a +1 flail of holy wrath
              (7 damage)
             ... on level 4 of the Dungeon.
             The game lasted 00:04:39 (3337 turns).

Maxmaps the Slasher (Demonspawn Reaver)             Turns: 3337, Time: 00:04:39

Health: -6/44      AC: 14    Str: 12    XL:     6   Next: 7%
Magic:  9/9        EV:  2    Int: 17    God:
Gold:   162        SH:  0    Dex: 17    Spells: 8/9 levels left

rFire   + . .        h - +2 triple sword (protect)
rCold   + + .        (shield currently unavailable)
rNeg    . . .        o - +2 plate armour {rC+}
rPois   +            (helmet restricted)
rElec   +            q - +0 cloak
rCorr   +            r - +0 pair of gloves
SInv    .            (no boots)
Will    +....        (no amulet) Stlth
                     c - +6 ring of dexterity
HPRegen 0.27/turn    n - ring of willpower
MPRegen 0.11/turn

%: no passive effects
@: mighty, resistant
A: antennae 1, powered by pain 1
a: no special abilities


You were on level 4 of the Dungeon.
You visited 1 branch of the dungeon, and saw 4 of its levels.
You also visited: Sewer.

You collected 162 gold pieces.

Inventory:

Hand Weapons
 a - a +0 falchion
 h - a +2 triple sword of protection (weapon)
 j - a +0 long sword
Armour
 b - a +0 leather armour
 d - a +0 ring mail
 f - a +1 scale mail
 o - a +2 plate armour of cold resistance (worn)
 q - a +0 cloak (worn)
 r - a +0 pair of gloves (worn)
Jewellery
 c - a +6 ring of dexterity (left hand)
 n - a ring of willpower (right hand)
 p - an amulet of faith
Scrolls
 k - a scroll of identify
 s - 2 scrolls of teleportation {unknown}
 u - a scroll of revelation
Potions
 e - 4 potions of enlightenment
 g - a potion of resistance
 i - a potion of might
 l - a potion of attraction {unknown}
 m - 2 potions of curing
 t - a potion of haste {unknown}


   Skills:
 - Level 2.0 Fighting
 + Level 4.8 Long Blades
 - Level 1.7 Dodging
 - Level 3.7 Unarmed Combat
 - Level 2.0 Spellcasting
 - Level 3.0 Conjurations


You had 8 spell levels left.
You knew the following spells:

 Your Spells              Type           Power      Damage    Failure   Level
a - Kiss of Death         Conj/Necr      24%        2d7       100%        1

Your spell library contained the following spells:

 Spells                   Type           Power      Damage    Failure   Level
 Momentum Strike          Conj/Tloc      12%        3d8       100%        2
 Hailstorm                Conj/Ice       6%         3d4       100%        3


Dungeon Overview and Level Annotations

Branches:
Dungeon (4/15)              Sewer (visited)
 Temple: D:4-7

Altars:
Fedhas

Annotations:
D:4 Edmund


Innate Abilities, Weirdness & Mutations

You have a pair of small antennae on your head.
You sometimes gain a little power by taking damage.


Message History

Found 5 stones.
No target in view!
No target in view!
You sense a monster nearby.
No target in view!
You open the door.
Edmund and an adder come into view.
Edmund is wielding a +1 flail of holy wrath.
Edmund shouts!
The adder hisses angrily.
There are monsters nearby!
You barely miss Edmund.
Edmund hits you with a +1 flail of holy wrath!
You convulse!
Edmund is nearby!
You hit Edmund but do no damage.
Your weapon exudes an aura of protection.
Edmund hits you but does no damage. x2
You barely miss Edmund. Edmund completely misses you.
You hit Edmund.
Your weapon exudes an aura of protection.
Edmund is lightly wounded.
Edmund hits you but does no damage. x2
You hit Edmund.
Edmund is lightly wounded.
Edmund hits you with a +1 flail of holy wrath.
You convulse.
You closely miss Edmund.
Edmund is lightly wounded.
Edmund hits you but does no damage. x2
It was a potion of resistance.
You feel protected.
Edmund hits you with a +1 flail of holy wrath!
You convulse!
* * * LOW HITPOINT WARNING * * *
It was a potion of might.
You feel very mighty all of a sudden.
Edmund hits you with a +1 flail of holy wrath!
* * * LOW HITPOINT WARNING * * *
You convulse!
You die...

### #.##############
#..............#
###.############.#
.......(... #@#
###.######## #@#
#........# .S.
##########.####....
...#######....+.....
...'........###......
...#######....+.......
...'.....#..###........
...#####.#....


You could see Edmund and an adder.

Vanquished Creatures
  A bullfrog (Sewer)
  An orc priest (D:3)
  An orc wizard (D:3)
  7 adders
  3 dart slugs
  4 orcs
  3 bats
  3 endoplasms
  10 giant cockroaches
  5 goblins
  5 hobgoblins
  12 jackals
  5 kobolds
  7 quokkas
  8 ball pythons
  13 frilled lizards
  5 rats
93 creatures vanquished.

Notes
Turn   | Place    | Note
-------+----------+-------------------------------------------
     0 | D:1      | Maxmaps the Demonspawn Reaver began the quest for the Orb.
     0 | D:1      | Reached XP level 1. HP: 16/16 MP: 3/3
    97 | D:1      | Reached skill level 3 in Long Blades
   273 | D:1      | Discovered your monstrous ancestry.
   273 | D:1      | Gained mutation: You have a pair of small antennae on your
                  | head. [demonic ancestry]
   273 | D:1      | Reached XP level 2. HP: 22/22 MP: 5/5
   621 | D:1      | Reached skill level 1 in Unarmed Combat
  1002 | D:1      | Reached XP level 3. HP: 13/27 MP: 6/6
  1664 | D:2      | Gained mutation: You sometimes gain a little power by
                  | taking damage. [demonic ancestry]
  1664 | D:2      | Reached XP level 4. HP: 33/33 MP: 7/7
  1760 | D:3      | Found a blossoming altar of Fedhas.
  1858 | D:3      | Found a glowing drain.
  1875 | Sewer    | Entered a sewer
  1878 | Sewer    | Identified a scroll of acquirement
  1878 | Sewer    | Acquired a +2 triple sword of protection
  2243 | Sewer    | Noticed a bullfrog
  2251 | Sewer    | Killed a bullfrog
  2252 | Sewer    | Reached skill level 4 in Long Blades
  2252 | Sewer    | Reached XP level 5. HP: 3/38 MP: 8/8
  2685 | D:3      | Reached XP level 6. HP: 33/44 MP: 9/9
  3329 | D:4      | Noticed Edmund
  3337 | D:4      | HP: 1/44 [Edmund/+1 flail of holy wrath (7)]
  3337 | D:4      | Mangled by Edmund

Illustrated notes

Levels and vault maps discovered:
D:1:      co_arrival_random_square_maze, layout_basic
D:2:      layout_basic, minmay_misc_feat_diagonals
D:3:      layout_loops_ring, fedhas_altar_2, portal_sewer_entry_d,
          minmay_ruptured
D:4:      nicolae_cairo_tiling_very_big, layout_basic, slow_altar_2,
          kennysheep_nondescript, uniq_edmund

Skill      XL: |  1  2  3  4 |
---------------+-------------+-----
Long Blades    | 3 4 |  4.8
Unarmed Combat | 1 2 3 |  3.7
Fighting       | |  2.0
Dodging        | |  1.7
Spellcasting   | |  2.0
Conjurations   | |  3.0

Action                     |  1- 3 |  4- 6 || total
---------------------------+-------+-------++-------
  Melee: Falchion          |   103 |       ||   103
         Long sword        |    39 |    26 ||    65
         Triple sword      |       |   143 ||   143
    Use: Potion            |     1 |     2 ||     3
         Scroll            |       |     8 ||     8
 Armour: Leather armour    |     8 |       ||     8
         Ring mail         |     4 |       ||     4
         Scale mail        |    83 |    88 ||   171
         Plate armour      |       |    59 ||    59
  Dodge: Dodged            |   107 |    82 ||   189

Table legend: (Time is in decaauts)
 A = Elapsed time spent in this place.
 B = Non-inter-level travel time spent in this place.
 C = Inter-level travel time spent in this place.
 D = Time resting spent in this place.
 E = Time spent auto-exploring this place.
 F = Levels seen in this place.
 G = Mean time per level.
                   A        B        C        D        E       F      G
               +--------+--------+--------+--------+--------+-----+--------+
         Total |   3509 |   3304 |    205 |    419 |   1966 |   5 |  701.8 |
       Dungeon |   2772 |   2567 |    205 |    194 |   1797 |   4 |  693.0 |
         Sewer |    737 |    737 |      0 |    225 |    168 |   1 |  737.0 |
               +--------+--------+--------+--------+--------+-----+--------+

Top non-repeatable levels by time:
     D:1: 1103 daAuts
     D:3: 860 daAuts
   Sewer: 737 daAuts
     D:2: 665 daAuts
     D:4: 143 daAuts
